Map: Ephemeron LE

Players

ShoWTimE

  • Race: Protoss Protoss
  • Spawn Location: 5:00

sOs - Winner!

  • Race: Protoss Protoss
  • Spawn Location: 11:00

Event: IEM Katowice 2020

VOD

Have the link to the VOD?

Description

Time

  • Played on: Feb. 24, 2020, 7:21 a.m.
  • Length: 8:15

All games in this series

Show
View Real Time Build Order
Export as new Build Order

ShoWTimE Protoss 

Build Orders: Phoenix Opening, Zealot Archon 

Get SALT Encoding   

  12  0:00  Probe  
  13  0:12  Probe  
  14  0:17  Pylon  
  14  0:24  Probe (Chrono Boost)  
  15  0:36  Probe (Chrono Boost), Gateway  
  16  0:43  Probe (Chrono Boost)  
  16  0:46  Assimilator  
  17  0:51  Probe  
  18  0:57  Assimilator  
  18  1:03  Probe (Chrono Boost)  
  19  1:08  Gateway  
  19  1:13  Probe (Chrono Boost)  
  20  1:18  Probe (Chrono Boost)  
  20  1:25  Cybernetics Core  
  21  1:29  Probe  
  22  1:35  Pylon  
  22  1:41  Probe  
  23  1:53  Probe  
  24  1:59  Warp Gate (Chrono Boost)  
  24  2:01  Stalker x2  
  24  2:08  Probe  
  29  2:14  Pylon  
  29  2:27  Pylon  
  29  2:34  Stalker  
  31  2:37  Stalker  
  32  2:58  Nexus  
  32  3:01  Probe  
  33  3:07  Sentry  
  33  3:08  Sentry  
  37  3:14  Shield Battery  
  37  3:18  Probe  
  38  3:30  Pylon  
  38  3:31  Probe  
  39  3:38  Shield Battery  
  39  3:42  Phoenix  
  39  3:48  Probe, Stalker  
  40  3:49  Twilight Council  
  42  3:56  Stalker  
  42  4:00  Probe (Chrono Boost)  
  45  4:09  Probe (Chrono Boost)  
  46  4:13  Probe (Chrono Boost)  
  48  4:19  Probe (Chrono Boost)  
  48  4:23  Probe (Chrono Boost)  
  48  4:24  Shield Battery  
  49  4:27  Probe x2 (Chrono Boost)  
  51  4:35  Phoenix  
  51  4:38  Probe (Chrono Boost), Forge  
  53  4:41  Blink (Chrono Boost)  
  53  4:43  Probe (Chrono Boost)  
  53  4:49  Probe (Chrono Boost)  
  55  4:53  Probe (Chrono Boost)  
  55  4:54  Probe (Chrono Boost)  
  55  4:57  Pylon  
  55  4:59  Assimilator  
  56  5:01  Assimilator  
  56  5:02  Probe, Sentry  
  56  5:04  Probe  
  60  5:07  Protoss Ground Weapons Level 1 (Chrono Boost), Pylon  
  60  5:14  Probe  
  60  5:16  Probe  
  62  5:25  Phoenix  
  62  5:27  Gateway x2  
  62  5:28  Probe  
  63  5:29  Probe  
  63  5:33  Robotics Facility  
  64  5:51  Pylon  
  64  5:53  Nexus  
  64  5:56  Stalker x2  
  66  5:59  Phoenix  
  66  6:05  Gateway x2  
  66  6:16  Gateway x2  
  66  6:22  Observer  
  67  6:32  Charge (Chrono Boost)  
  67  6:33  Shield Battery  
  67  6:36  Zealot x4  
  75  6:42  Templar Archives  
  75  6:48  Warp Prism (Chrono Boost)  
  75  6:51  Shield Battery  
  77  6:58  Phoenix  
  77  6:59  Pylon  
  77  7:08  Zealot x2  
  77  7:09  Zealot x2  
  85  7:18  High Templar x4, Observer  
  85  7:22  Archon x2  
  93  7:32  Zealot x4  
  101  7:41  Pylon  
  101  7:50  Zealot  
  91  7:55  Zealot x4  
  79  7:59  Zealot  
  55  8:05  Zealot x2  
  55  8:11  Stalker  
Show
View Real Time Build Order
Export as new Build Order

sOs Protoss - Winner!

Build Orders: Zealot Archon 

Get SALT Encoding   

  12  0:00  Probe  
  13  0:12  Probe  
  14  0:17  Pylon  
  14  0:24  Probe (Chrono Boost)  
  15  0:37  Probe (Chrono Boost)  
  15  0:38  Gateway  
  16  0:45  Probe (Chrono Boost)  
  16  0:46  Assimilator  
  17  0:51  Probe  
  17  0:55  Assimilator  
  18  1:03  Probe (Chrono Boost)  
  19  1:07  Gateway  
  19  1:12  Probe (Chrono Boost)  
  19  1:17  Probe (Chrono Boost)  
  21  1:25  Cybernetics Core  
  21  1:29  Probe  
  22  1:36  Pylon  
  22  1:41  Probe  
  23  1:54  Probe  
  24  2:01  Adept  
  24  2:02  Warp Gate, Adept  
  24  2:06  Probe  
  29  2:11  Pylon  
  29  2:32  Sentry x2  
  33  2:46  Nexus  
  33  2:54  Shield Battery  
  33  2:56  Probe  
  36  2:58  Sentry  
  36  3:06  Stalker  
  38  3:13  Pylon  
  38  3:15  Probe  
  39  3:31  Probe (Chrono Boost), Twilight Council  
  40  3:43  Probe (Chrono Boost)  
  41  3:50  Stalker  
  41  3:51  Probe (Chrono Boost), Stalker  
  46  3:57  Probe x2  
  48  4:05  Blink (Chrono Boost)  
  48  4:09  Probe  
  50  4:10  Probe  
  50  4:15  Forge  
  50  4:21  Probe  
  51  4:28  Stalker x2  
  51  4:30  Probe (Chrono Boost)  
  56  4:34  Probe (Chrono Boost)  
  57  4:42  Pylon  
  57  4:43  Probe (Chrono Boost), Protoss Ground Weapons Level 1 (Chrono Boost)  
  59  4:45  Probe (Chrono Boost)  
  59  4:49  Probe (Chrono Boost)  
  59  4:50  Probe (Chrono Boost)  
  61  4:55  Assimilator  
  61  4:57  Probe  
  61  4:58  Assimilator  
  62  5:00  Probe  
  62  5:01  Phoenix  
  63  5:09  Probe, Robotics Facility  
  63  5:12  Probe  
  63  5:14  Stalker x2  
  69  5:24  Gateway  
  69  5:27  Gateway  
  69  5:37  Gateway  
  69  5:39  Gateway  
  69  5:41  Gateway  
  69  5:43  Gateway  
  69  5:44  Phoenix  
  69  5:56  Charge (Chrono Boost)  
  69  6:00  Pylon  
  69  6:02  Pylon, Observer  
  70  6:05  Templar Archives  
  70  6:09  Pylon  
  70  6:18  Zealot x3  
  70  6:22  Pylon  
  70  6:23  Warp Prism  
  78  6:34  Pylon  
  78  6:41  High Templar x2  
  78  6:42  Zealot x4  
  78  6:45  Archon  
  78  6:46  Zealot  
  92  6:47  Zealot  
  94  7:11  Pylon  
  94  7:19  Nexus  
  94  7:23  High Templar x3  
  94  7:24  High Templar, Zealot x4  
  94  7:27  Archon  
  94  7:28  Archon  
  94  7:29  Pylon  
  110  7:48  Zealot  
  110  7:49  Zealot x3  
  90  8:03  Zealot x4  

Tags
 
Add a new tag
Caveats
  • Supply blocks, unpowered buildings, or Contaminate may cause inaccurate times.
  • Supply counts are checked every 10 seconds.